Map: Magannatha LE

Players

ManlyManMeat

  • Race: Zerg Zerg
  • League: Platinum
  • Spawn Location: 11:00

Żubr - Winner!

  • Race: Protoss Protoss
  • League: Diamond
  • Spawn Location: 5:00

VOD

Have the link to the VOD?

Description

Time

  • Played on: June 21, 2025, 7:08 a.m.
  • Length: 9:28
Show
View Real Time Build Order
Export as new Build Order

ManlyManMeat Zerg 

Build Orders: Hatch First 

Get SALT Encoding   

  12  0:00  Drone  
  13  0:12  Overlord  
  13  0:20  Drone  
  14  0:31  Drone x2  
  14  0:34  Drone  
  17  0:51  Hatchery  
  17  0:54  Drone  
  18  0:57  Drone  
  18  1:12  Spawning Pool  
  18  1:15  Extractor  
  16  1:20  Drone x2  
  18  1:30  Drone  
  19  1:40  Drone  
  20  2:04  Queen x2  
  20  2:06  Zergling x4  
  26  2:09  Overlord  
  26  2:18  Drone x2  
  26  2:21  Metabolic Boost  
  28  2:31  Drone x2  
  30  2:42  Drone x2  
  32  2:48  Drone  
  33  2:56  Hatchery, Overlord  
  32  2:59  Overlord  
  32  3:09  Overlord  
  32  3:16  Drone x4  
  32  3:17  Drone x3  
  39  3:22  Drone x3  
  42  3:39  Zergling x4  
  44  3:46  Queen  
  46  3:55  Drone x4  
  48  3:56  Drone x2, Extractor  
  48  4:00  Drone  
  48  4:01  Overlord x3  
  51  4:22  Evolution Chamber  
  50  4:28  Queen  
  50  4:30  Zergling x22  
  63  4:38  Baneling Nest  
  62  4:49  Zergling x4  
  62  4:50  Zergling x6  
  62  4:52  Zerg Melee Weapons Level 1  
  67  4:55  Zergling x8  
  67  4:56  Evolution Chamber  
  70  5:04  Queen  
  70  5:06  Lair  
  72  5:08  Zergling x12  
  78  5:22  Zerg Ground Armor Level 1  
  78  5:30  Drone x2, Extractor  
  78  5:31  Drone  
  78  5:32  Drone x2  
  78  5:34  Overlord  
  78  5:35  Overlord  
  82  5:50  Overlord  
  82  5:51  Overlord x3  
  82  5:58  Drone x2  
  82  5:59  Drone x3  
  82  6:00  Drone  
  88  6:11  Drone x2  
  88  6:13  Drone  
  88  6:14  Hatchery  
  88  6:16  Hatchery  
  89  6:22  Baneling x2  
  89  6:23  Baneling x3  
  89  6:38  Centrifugal Hooks  
  89  6:44  Overseer  
  89  6:45  Pneumatized Carapace  
  89  6:49  Infestation Pit  
  87  7:07  Spore Crawler  
  86  7:08  Spore Crawler  
  86  7:09  Spore Crawler  
  86  7:14  Zergling x2  
  86  7:15  Zergling x38, Hatchery  
  102  7:19  Hatchery  
  102  7:27  Drone x2  
  102  7:28  Drone x4  
  108  7:41  Baneling x7  
  108  7:42  Baneling x4  
  108  7:43  Baneling  
  108  7:44  Baneling x7  
  108  7:53  Zergling x14  
  108  7:54  Zergling x2  
  101  8:13  Zergling x24  
  78  8:30  Zergling x14  
  70  8:42  Drone x10  
  75  8:51  Zergling x8  
  75  9:02  Drone  
  65  9:03  Drone  
Show
View Real Time Build Order
Export as new Build Order

Żubr Protoss - Winner!

Build Orders: 1 Gate Expand, Zealot Archon 

Get SALT Encoding   

  12  0:00  Probe  
  13  0:12  Probe  
  14  0:19  Pylon  
  14  0:24  Probe  
  15  0:37  Probe  
  16  0:44  Gateway  
  16  0:47  Probe  
  17  0:51  Assimilator  
  17  0:55  Probe  
  17  1:04  Probe  
  19  1:16  Probe  
  20  1:25  Nexus  
  20  1:35  Cybernetics Core  
  20  1:39  Probe  
  21  1:42  Assimilator  
  21  1:51  Probe  
  21  1:52  Pylon  
  22  2:01  Stalker  
  22  2:03  Probe  
  22  2:04  Warp Gate  
  25  2:15  Probe  
  26  2:28  Probe  
  27  2:33  Stalker  
  27  2:36  Robotics Facility  
  29  2:39  Probe  
  29  2:42  Probe  
  31  2:47  Probe  
  31  2:55  Probe  
  31  2:57  Probe  
  33  3:01  Gateway  
  33  3:04  Gateway  
  34  3:07  Probe  
  34  3:09  Probe  
  34  3:11  Stalker  
  36  3:19  Probe  
  39  3:21  Pylon, Probe  
  39  3:22  Observer  
  41  3:31  Probe  
  42  3:35  Probe  
  42  3:41  Pylon  
  43  3:43  Probe  
  43  3:44  Immortal  
  43  3:47  Probe  
  49  3:55  Probe  
  50  4:00  Probe, Stalker  
  50  4:01  Stalker x2  
  57  4:07  Pylon  
  57  4:10  Pylon  
  57  4:14  Assimilator  
  57  4:24  Probe x2  
  59  4:36  Probe x2  
  61  4:44  Gateway x2  
  61  4:47  Gateway  
  61  4:49  Gateway  
  61  4:52  Gateway x2  
  61  4:59  Twilight Council  
  61  5:01  Pylon  
  61  5:02  Pylon  
  61  5:05  Pylon x2  
  61  5:10  Assimilator  
  61  5:13  Immortal  
  61  5:19  Charge  
  65  5:45  Templar Archives  
  65  5:58  Gateway  
  65  6:00  Probe  
  65  6:02  Zealot x2  
  65  6:03  Zealot x6  
  65  6:04  Zealot  
  84  6:13  Warp Prism  
  86  6:29  Zealot x3  
  86  6:30  Zealot x4  
  86  6:31  Zealot  
  102  6:37  Pylon  
  102  6:39  Pylon  
  102  6:43  Pylon  
  102  6:46  Pylon  
  102  7:06  Zealot  
  102  7:07  Stalker  
  106  7:22  Nexus  
  106  7:24  Pylon  
  106  7:28  High Templar x2  
  106  7:29  High Templar x4  
  118  7:30  High Templar x2  
  118  7:33  Archon x3  
  118  7:34  Archon  
  122  7:44  Forge  
  122  7:45  Forge  
  122  7:47  Shield Battery  
  122  7:48  Pylon  
  122  7:50  Probe x2  
  124  7:53  Zealot  
  126  8:02  Probe x2  
  126  8:15  Stalker  
  126  8:16  Stalker  
  105  8:22  Stalker  
  105  8:24  Stalker  
  105  8:25  Zealot x2  
  111  8:27  Stalker  
  112  8:37  High Templar x2  
  112  8:38  High Templar  
  112  8:40  High Templar  
  118  8:43  Archon  
  118  8:44  Archon  
  118  8:45  Zealot  
  120  8:49  Zealot x3  
  122  9:12  Zealot  
  122  9:14  Zealot x3  
Tags
 
Add a new tag
Caveats
  • Supply blocks, unpowered buildings, or Contaminate may cause inaccurate times.
  • Supply counts are checked every 10 seconds.